 Dungeon Crawl Stone Soup version 0.29-a0-284-gf9362112df (webtiles) character file.

Game seed: 7166221277085330177

46 siradein the Grave Robber (level 3, -2/20 HPs)
             Began as a Gargoyle Necromancer on Mar 22, 2022.
             Slain by an ufetubus (4 damage)
             ... summoned by Eustachio
             ... on level 3 of the Dungeon.
             The game lasted 00:05:28 (2817 turns).

siradein the Grave Robber (Gargoyle Necromancer)    Turns: 2817, Time: 00:05:29

Health: -2/20      AC:  9    Str: 11    XL:     3   Next: 68%
Magic:  1/6        EV: 11    Int: 17    God:
Gold:   123        SH:  0    Dex: 10    Spells: 2/6 levels left

rFire   . . .      SeeInvis .   c - +2 hunting sling (flame)
rCold   . . .      Faith    .   (no shield)
rNeg    + . .      Spirit   .   s - +0 leather armour
rPois   ∞          Reflect  .   a - +0 helmet
rElec   +          Harm     .   (no cloak)
rCorr   .          Rampage  .   q - +0 pair of gloves
Will    .....                   l - +0 pair of boots
Stlth   ++........              (no amulet)
HPRegen 0.06/turn               (no ring)
MPRegen 0.10/turn               (no ring)

@: no status effects
A: sickness immunity, AC +3, negative energy resistance 1, electricity
resistance, torment resistance 1, petrification resistance
a: no special abilities


You were on level 3 of the Dungeon.
You visited 1 branch of the dungeon, and saw 4 of its levels.

You collected 123 gold pieces.

Inventory:

Hand Weapons
 c - a +2 hunting sling of flaming (weapon)
Armour
 a - a +0 helmet (worn)
 l - a +0 pair of boots (worn)
 q - a +0 pair of gloves (worn)
 s - a +0 leather armour (worn)
Scrolls
 f - 2 scrolls of magic mapping
 h - 2 scrolls of teleportation {unknown}
 i - a scroll of fear {unknown}
 j - 2 scrolls of identify {unknown}
 k - a scroll of brand weapon {unknown}
 o - a scroll of vulnerability {unknown}
 r - a scroll of enchant weapon {unknown}
 t - a scroll of summoning {unknown}
Potions
 b - a potion of magic
 d - a potion of degeneration {unknown}
 e - 2 potions of berserk rage {unknown}
 g - a potion of curing {unknown}
 m - a potion of invisibility {unknown}
 n - a potion of haste {unknown}
 p - a potion of heal wounds {unknown}


   Skills:
 + Level 1.0 Fighting
 + Level 0.9 Slings
 + Level 0.9 Armour
 + Level 1.9 Dodging
 - Level 2.1 Stealth
 + Level 2.2 Spellcasting
 * Level 3.6 Necromancy


You had 2 spell levels left.
You knew the following spells:

 Your Spells              Type           Power      Damage    Failure   Level
a - Pain                  Necr           56%        1d6       5%          1
b - Vampiric Draining     Necr           14%        2d7       17%         3

Your spell library contained the following spells:

 Spells                   Type           Power      Damage    Failure   Level
 Animate Skeleton         Necr           28%        N/A       5%          1
 Animate Dead             Necr           7%         N/A       50%         4
 Agony                    Necr           14%        N/A       83%         5


Dungeon Overview and Level Annotations

Branches:
Dungeon (4/15)
 Temple: D:4-7

Altars:
Ashenzari
Fedhas
Hepliaklqana
Makhleb
Qazlal

Annotations:
D:3 1 runed translucent door, Eustachio; being54's ghost, weakling GrFi


Innate Abilities, Weirdness & Mutations

You are immune to sickness and miasma.
Your stone body is resilient. (AC +3)
You are immune to poison.
You resist negative energy. (rN+)
You are resistant to electric shocks. (rElec)
You are resistant to unholy torment.
You are immune to petrification.


Message History

Eustachio casts a spell.
Unknown command.
Eustachio hits you with a +0 rapier. The quokka closely misses you.
You climb upwards.
The river rat disappears in a puff of smoke!
The quokka disappears in a puff of smoke!
The river rat disappears in a puff of smoke!
Level annotation: 1 runed translucent door, being54's ghost, weakling GrFi
There is a stone staircase leading down here.
Fire: c) +2 hunting sling (flame)
Press: ? - help, Q - select action, (/) - cycle Shift-Dir - straight line, f - Eustachio
Aim: Eustachio, wielding a +0 rapier and wearing a +0 leather armour (moderately wounded, 41% to hit)
You shoot a sling bullet.
The sling bullet barely misses Eustachio.
Eustachio mumbles some strange words.
Eustachio hits you with a +0 rapier.
* * * LOW HITPOINT WARNING * * *
Fire: c) +2 hunting sling (flame)
Press: ? - help, Q - select action, (/) - cycle Shift-Dir - straight line, f/p - Eustachio
Aim: Eustachio, wielding a +0 rapier and wearing a +0 leather armour (moderately wounded, 41% to hit)
You shoot a sling bullet.
The sling bullet closely misses Eustachio.
Eustachio gestures wildly while chanting.
The ufetubus hits you but does no damage.
The ufetubus closely misses you.
Fire: c) +2 hunting sling (flame)
Press: ? - help, Q - select action, (/) - cycle Shift-Dir - straight line, f/p - Eustachio
Aim: Eustachio, wielding a +0 rapier and wearing a +0 leather armour (moderately wounded, 41% to hit)
You shoot a sling bullet. The sling bullet hits Eustachio.
The sling bullet burns Eustachio.
Eustachio is heavily wounded.
The ufetubus completely misses you. x2; Eustachio closely misses you.
The ufetubus barely misses you.
The ufetubus hits you but does no damage.
Eustachio hits you with a +0 rapier.
* * * LOW HITPOINT WARNING * * *
The ufetubus closely misses you. The ufetubus hits you.
* * * LOW HITPOINT WARNING * * *
The ufetubus hits you.
You die...

### #.#
###########.######
#@5r..............
#@#########.######
#b# #.# #. #r# #.#
#. #.# #.# #. #.#
#######.#####. #.#
#.............
#.###.#####.#####.
#.................


You could see Eustachio, a river rat (summoned), an ufetubus (summoned), a
quokka (summoned) and a bat (summoned).

Vanquished Creatures
  A gnoll (D:2)
  A worm (D:3)
  An orc (D:3)
  3 endoplasms (D:1)
  3 giant cockroaches (D:1)
  A hobgoblin (D:2)
  7 kobolds
  2 quokkas
  3 ball pythons
  3 bats
  3 goblins
  4 rats
32 creatures vanquished.

Notes
Turn   | Place    | Note
-------+----------+-------------------------------------------
     0 | D:1      | siradein the Gargoyle Necromancer began the quest for the
                  | Orb.
     0 | D:1      | Reached XP level 1. HP: 10/10 MP: 3/3
   392 | D:1      | Reached XP level 2. HP: 15/15 MP: 5/5
   926 | D:1      | Found a faded altar of an unknown god.
  1285 | D:2      | Found a hazy altar of Hepliaklqana.
  1417 | D:2      | Reached XP level 3. HP: 20/20 MP: 6/6
  1489 | D:2      | Learned a level 3 spell: Vampiric Draining
  1760 | D:2      | Reached skill level 1 in Fighting
  1918 | D:3      | Found a runed translucent door.
  2164 | D:3      | Found a stormy altar of Qazlal.
  2395 | D:3      | Found a broken altar of Ashenzari.
  2395 | D:3      | Found a faded altar of an unknown god.
  2402 | D:3      | Found a blossoming altar of Fedhas.
  2404 | D:3      | Found a burning altar of Makhleb.
  2406 | D:3      | Found a faded altar of an unknown god.
  2501 | D:3      | Noticed being54's ghost (weakling GrFi)
  2545 | D:4      | Noticed Eustachio
  2817 | D:3      | Slain by an ufetubus

Illustrated notes

Levels and vault maps discovered:
D:1:      dpeg_arrival_solitude, layout_basic, ebering_ecumenical_altar_hall
D:2:      layout_basic, basic_altar, minmay_tripent
D:3:      wander_river, layout_basic, nicolae_qazlal_scattered_showers,
          chequers_temple_overflow_minitemple, ebering_ghost_sewer_d
D:4:      layout_basic, nicolae_dithmenos_through_a_glass_darkly, serial_shops,
          nicolae_shop_competitors_out_of_business, gammafunk_ghost_stat_death,
          uniq_natasha, uniq_edmund, uniq_crazy_yiuf_cottage, uniq_ijyb,
          uniq_eustachio

Skill      XL: |  1  2  3 |
---------------+----------+-----
Fighting       | 1 |  1.0
Slings         | |  0.9
Armour         | |  0.9
Dodging        | |  1.9
Stealth        | |  2.1
Spellcasting   | |  2.2
Necromancy     | |  3.6

Action                   || total
-------------------------++-------
Melee: Unarmed           ||     2
 Fire: Hunting sling     ||    68
 Cast: Pain              ||     8
       Vampiric Draining ||     1
  Use: Scroll            ||     1
Armor: Robe              ||     8
       Leather armour    ||    26
Dodge: Dodged            ||    32

Table legend: (Time is in decaauts)
 A = Elapsed time spent in this place.
 B = Non-inter-level travel time spent in this place.
 C = Inter-level travel time spent in this place.
 D = Time resting spent in this place.
 E = Time spent auto-exploring this place.
 F = Levels seen in this place.
 G = Mean time per level.
                   A        B        C        D        E       F      G
               +--------+--------+--------+--------+--------+-----+--------+
         Total |   2850 |   2731 |    119 |    238 |   2131 |   4 |  712.5 |
       Dungeon |   2850 |   2731 |    119 |    238 |   2131 |   4 |  712.5 |
               +--------+--------+--------+--------+--------+-----+--------+

Top non-repeatable levels by time:
     D:1: 1240 daAuts
     D:3: 932 daAuts
     D:2: 628 daAuts
     D:4: 49 daAuts
